[Event "42nd Olympiad Baku 2016 Open"]
[Site "Baku"]
[Date "2016.09.08"]
[Round "6.25"]
[White "Anquandah, Francis Eric"]
[Black "Asadli, Vugar"]
[Result "0-1"]
[ECO "C54"]
[WhiteElo "1951"]
[BlackElo "2406"]
[Annotator ""]
[PlyCount "68"]
[EventDate "2016.??.??"]
[EventCountry "AZE"]
[SourceTitle "playchess.com"]
[Source "ChessBase"]
[WhiteTeam "Ghana"]
[BlackTeam "Azerbaijan"]
[WhiteTeamCountry "GHA"]
[BlackTeamCountry "AZE"]
[TimeControl "40/5400+30:1800+30"]

1. e4 {(00:00} e5 {(00:00} 2. Nf3 {(00:00} Nc6 {
(00:00} 3. Bc4 {(00:08} Bc5 {(00:00} 4. c3 {(01:
15} Nf6 {(00:01} 5. d4 {(00:20} exd4 {(00:09} 6. e5 {
(00:45} d5 {(00:06} 7. Bb5 {(01:36} Ne4 {(00:11]
} 8. cxd4 {(00:31} Bb6 {(00:28} 9. O-O {(03:33} O-O {
(00:25} 10. Bxc6 {(01:35} bxc6 {(00:09} 11. Be3 {
(01:25} Bg4 {(03:34} 12. Qc1 {(03:27} Qd7 {(05:
56} 13. Nbd2 {(07:30} Rae8 {(03:14} 14. Qc2 {(11:23}
Nxd2 {(04:35} 15. Nxd2 {(01:42} f6 {(00:08} 16. f4 {
(02:27} Be2 {(01:39} 17. Rfe1 {(04:27} fxe5 {(
01:33} 18. fxe5 {(00:21} Bh5 {(02:12} 19. Rac1 {(02:54]
} Re6 {(11:32} 20. Rf1 {(01:22} Rfe8 {(06:35} 21. Bf2 {
(10:41} Rg6 {(01:40} 22. Qd3 {(20:17} Qg4 {(03:
25} 23. g3 {(00:18} Rh6 {(02:22} 24. Be3 {(02:57} Bg6
{(01:01} 25. Qc3 {(00:31} Rh3 {(00:24} 26. Rf2 {
(03:41} h6 {(02:42} 27. Bf4 {(05:23} Kh7 {(00:
53} 28. Qf3 {(01:13} Qe6 {(01:52} 29. Qc3 {(01:57} Rf8
{(01:26} 30. Qxc6 {(03:34} Qg4 {(05:33} 31. Qxd5 {
(00:59} Rxf4 {(00:35} 32. Rxf4 {(02:07} Rxg3+ {(
00:01} 33. hxg3 {(00:58} Qxg3+ {(00:00} 34. Kf1 {(00:
14} Bd3# {(00:10} 0-1

[Event "42nd Olympiad Baku 2016 Open"]
[Site "Baku"]
[Date "2016.09.08"]
[Round "6.2"]
[White "Anton Guijarro, David"]
[Black "Galego, Luis"]
[Result "1-0"]
[ECO "E11"]
[WhiteElo "2630"]
[BlackElo "2458"]
[Annotator ""]
[PlyCount "63"]
[EventDate "2016.??.??"]
[EventCountry "AZE"]
[SourceTitle "playchess.com"]
[Source "ChessBase"]
[WhiteTeam "Spain"]
[BlackTeam "Portugal"]
[WhiteTeamCountry "ESP"]
[BlackTeamCountry "POR"]
[TimeControl "40/5400+30:1800+30"]

1. d4 {(00:00} Nf6 {(00:00} 2. c4 {(00:00} e6 {(
00:31} 3. Nf3 {(00:29} Bb4+ {(01:45} 4. Nbd2 {(00:51}
d5 {(02:35} 5. Qa4+ {(00:39} Nc6 {(00:06} 6. e3 {
(00:07} O-O {(02:41} 7. a3 {(00:47} Bxd2+ {(00:
14} 8. Bxd2 {(00:09} Ne4 {(00:07} 9. Qc2 {(00:55} Nxd2
{(06:11} 10. Qxd2 {(01:44} a5 {(00:34} 11. Rc1 {
(05:04} Qd6 {(14:39} 12. Bd3 {(05:27} h6 {(06:
29} 13. Bb1 {(04:02} Bd7 {(11:39} 14. Qc2 {(06:35} f5
{(03:53} 15. Ba2 {(04:03} dxc4 {(02:14} 16. Qxc4 {
(01:02} Kh7 {(04:44} 17. O-O {(01:56} Ra6 {(10:
15} 18. Rfd1 {(07:17} Rb6 {(01:33} 19. Rd2 {(06:28}
Qe7 {(16:56} 20. h3 {(06:38} Rf6 {(01:03} 21. Qc5 {
(08:50} Qd6 {(02:13} 22. Rcc2 {(06:42} Be8 {(00:
57} 23. Ne5 {(02:20} Ra6 {(02:22} 24. f4 {(02:21} Qxc5
{(01:02} 25. Rxc5 {(00:12} Nxe5 {(03:35} 26. dxe5 {
(00:47} Rf7 {(00:02} 27. Bc4 {(01:42} Rb6 {(00:
03} 28. Rxa5 {(00:27} Rd7 {(00:03} 29. Rxd7 {(00:20}
Bxd7 {(00:03} 30. b3 {(00:10} Kg6 {(01:09} 31. Rc5 {
(01:00} Bc6 {(03:49} 32. b4 {(04:03} 1-0

[Event "42nd Olympiad Baku 2016 Open"]
[Site "Baku"]
[Date "2016.09.08"]
[Round "6.29"]
[White "Arias, Lemnys A"]
[Black "Nadir, Samir"]
[Result "1-0"]
[ECO "B12"]
[WhiteElo "2305"]
[BlackElo "2199"]
[Annotator ""]
[PlyCount "65"]
[EventDate "2016.??.??"]
[EventCountry "AZE"]
[SourceTitle "playchess.com"]
[Source "ChessBase"]
[WhiteTeam "El Salvador"]
[BlackTeam "Sudan"]
[WhiteTeamCountry "ESA"]
[BlackTeamCountry "SUD"]
[TimeControl "40/5400+30:1800+30"]

1. e4 {(00:00} c6 {(00:00} 2. d4 {(00:03} d5 {(
00:00} 3. e5 {(00:06} Bf5 {(00:06} 4. Nf3 {(00:09} e6
{(00:19} 5. Be2 {(01:15} Nd7 {(00:28} 6. O-O {(
00:45} Bg6 {(01:03} 7. Nbd2 {(01:57} Nh6 {(01:07} 8.
Nb3 {(02:58} Nf5 {(01:18} 9. a4 {(01:22} Be7 {(
05:53} 10. a5 {(00:34} O-O {(07:30} 11. c4 {(11:06}
Qc7 {(15:09} 12. Bf4 {(11:30} Rac8 {(10:11} 13. Rc1 {
(04:51} dxc4 {(08:31} 14. Bxc4 {(00:10} Rfd8 {(
00:36} 15. Qe1 {(10:03} Qb8 {(04:17} 16. g4 {(06:00}
Nh4 {(09:59} 17. Nxh4 {(00:09} Bxh4 {(00:08} 18. Qe3 {
(00:12} Be7 {(04:17} 19. Bg3 {(03:50} h5 {(07:
36} 20. h3 {(05:27} h4 {(00:34} 21. Bh2 {(01:55} b5 {
(00:51} 22. Be2 {(02:32} a6 {(06:08} 23. f4 {(
01:09} c5 {(01:48} 24. f5 {(02:06} Bh7 {(02:57} 25.
Nxc5 {(02:54} Qa7 {(05:12} 26. b4 {(02:15} Nb8 {
(00:21} 27. fxe6 {(01:22} fxe6 {(01:03} 28. Nxe6 {
(00:11} Re8 {(00:38} 29. Nc5 {(00:13} Nc6 {(00:
27} 30. Bf3 {(00:08} Kh8 {(04:38} 31. Bxc6 {(00:42}
Rxc6 {(00:11} 32. d5 {(00:06} Rcc8 {(01:03} 33. Qd4 {
(00:21} 1-0

[Event "42nd Olympiad Baku 2016 Open"]
[Site "Baku"]
[Date "2016.09.08"]
[Round "6.32"]
[White "Ashiku, Franc"]
[Black "Paiva, Donaldo"]
[Result "0-1"]
[ECO "E88"]
[WhiteElo "2322"]
[BlackElo "2164"]
[Annotator ""]
[PlyCount "60"]
[EventDate "2016.??.??"]
[EventCountry "AZE"]
[SourceTitle "playchess.com"]
[Source "ChessBase"]
[WhiteTeam "Albania"]
[BlackTeam "Mozambique"]
[WhiteTeamCountry "ALB"]
[BlackTeamCountry "MOZ"]
[TimeControl "40/5400+30:1800+30"]

1. c4 {(00:00} Nf6 {(00:00} 2. Nc3 {(00:00} g6 {
(00:00} 3. e4 {(00:33} d6 {(00:00} 4. d4 {(00:
11} Bg7 {(00:06} 5. f3 {(00:14} O-O {(00:20} 6. Be3 {
(00:07} e5 {(00:26} 7. d5 {(00:10} c6 {(00:18}
8. Qd2 {(02:20} cxd5 {(03:35} 9. cxd5 {(01:10} Na6 {
(03:19} 10. O-O-O {(02:20} Bd7 {(03:00} 11. Kb1 {
(00:14} Qb8 {(06:10} 12. g4 {(09:50} Rc8 {(00:
57} 13. h4 {(01:37} b5 {(02:18} 14. Nce2 {(01:57} b4 {
(07:16} 15. Nc1 {(01:18} Nc5 {(02:14} 16. h5 {(
09:08} Ncxe4 {(03:53} 17. fxe4 {(04:48} Nxe4 {(00:06}
18. Qe1 {(02:05} Nc3+ {(00:33} 19. Ka1 {(00:09} Nxd1 {
(04:08} 20. Qxd1 {(00:06} Qc7 {(00:36} 21. Be2 {
(13:18} e4 {(02:59} 22. Nb3 {(06:10} a5 {(04:55]
} 23. Nh3 {(06:24} a4 {(00:16} 24. Nd4 {(03:58} a3 {
(00:06} 25. Kb1 {(03:31} axb2 {(01:22} 26. Qd2 {
(04:42} b3 {(09:10} 27. axb3 {(09:02} Ra1+ {(00:
15} 28. Kxb2 {(00:05} Rxh1 {(00:02} 29. Nf2 {(00:16}
Rc1 {(01:20} 30. Bd1 {(05:22} Qa7 {(00:38} 0-1

[Event "42nd Olympiad Baku 2016 Open"]
[Site "Baku"]
[Date "2016.09.08"]
[Round "6.9"]
[White "Atabayev, Yusup"]
[Black "Dominguez Perez, Leinier"]
[Result "1/2-1/2"]
[ECO "A45"]
[WhiteElo "2453"]
[BlackElo "2720"]
[Annotator ""]
[PlyCount "98"]
[EventDate "2016.??.??"]
[EventCountry "AZE"]
[SourceTitle "playchess.com"]
[Source "ChessBase"]
[WhiteTeam "Turkmenistan"]
[BlackTeam "Cuba"]
[WhiteTeamCountry "TKM"]
[BlackTeamCountry "CUB"]
[TimeControl "40/5400+30:1800+30"]

1. d4 {(00:00} Nf6 {(07:06} 2. Nc3 {(00:18} d5 {
(00:38} 3. Bf4 {(00:15} Bf5 {(04:26} 4. e3 {(00:
22} e6 {(10:06} 5. Nf3 {(00:18} Bd6 {(10:38} 6. Ne5 {
(00:12} Nbd7 {(29:35} 7. Bd3 {(00:25} Bxd3 {(03:
26} 8. cxd3 {(00:07} O-O {(00:51} 9. O-O {(00:50} a6 {
(00:48} 10. a4 {(02:57} Qe7 {(01:26} 11. e4 {(
11:41} dxe4 {(09:13} 12. dxe4 {(02:42} Rfd8 {(00:07}
13. Nxd7 {(03:11} Bxf4 {(01:01} 14. Nxf6+ {(00:13} Qxf6
{(00:01} 15. g3 {(00:42} Rxd4 {(01:50} 16. Qb3 {
(00:13} Bd6 {(04:10} 17. Qxb7 {(01:20} Qd8 {(00:
02} 18. Rfd1 {(13:08} Rb4 {(00:13} 19. Qxb4 {(02:15}
Bxb4 {(00:02} 20. Rxd8+ {(00:06} Rxd8 {(00:01} 21. Rd1
{(00:17} Rb8 {(00:12} 22. Na2 {(01:05} Kf8 {(01:
22} 23. Rc1 {(01:44} Bd6 {(04:00} 24. b4 {(01:18} Bxb4
{(00:35} 25. Rxc7 {(00:07} Bd6 {(05:25} 26. Rc4 {
(02:23} Ke7 {(03:30} 27. Nc1 {(01:08} f6 {(02:
10} 28. Kg2 {(01:39} Kd7 {(00:24} 29. h4 {(03:08} h5 {
(00:25} 30. Kf3 {(02:31} Rc8 {(00:30} 31. Rxc8 {
(00:45} Kxc8 {(00:01} 32. Kg2 {(03:31} Kc7 {(01:
08} 33. Nb3 {(01:35} Kc6 {(00:25} 34. f3 {(00:15} Bc7
{(00:26} 35. g4 {(05:12} g6 {(00:02} 36. gxh5 {(
01:09} gxh5 {(00:01} 37. Nd4+ {(00:07} Kd7 {(01:38}
38. Ne2 {(00:05} Ke7 {(00:33} 39. f4 {(00:23} Kf7 {
(00:31} 40. Kf3 {(00:00} Ba5 {(00:00} 41. Ng3 {(
02:14} Be1 {(05:34} 42. Nxh5 {(01:52} Bxh4 {(00:07}
43. Kg4 {(04:50} Be1 {(03:10} 44. f5 {(00:06} e5 {
(01:25} 45. Kh3 {(00:06} Bf2 {(02:01} 46. Kg4 {(
00:07} Be1 {(00:11} 47. Kh3 {(00:08} Bf2 {(00:28} 48.
Kg4 {(00:05} Be1 {(00:04} 49. Kh3 {(00:03} Bf2 {
(00:06} 1/2-1/2

[Event "42nd Olympiad Baku 2016 Open"]
[Site "Baku"]
[Date "2016.09.08"]
[Round "6.9"]
[White "Ayyad, Husain"]
[Black "Yee, Soon Wei"]
[Result "1/2-1/2"]
[ECO "B07"]
[WhiteElo "2176"]
[BlackElo "2293"]
[Annotator ""]
[PlyCount "154"]
[EventDate "2016.??.??"]
[EventCountry "AZE"]
[SourceTitle "playchess.com"]
[Source "ChessBase"]
[WhiteTeam "BRN"]
[BlackTeam "BRU"]
[WhiteTeamCountry "BRN"]
[BlackTeamCountry "BRN"]
[TimeControl "40/5400+30:1800+30"]

1. e4 {(00:18} d6 {(00:04} 2. h3 {(04:54} Nf6 {(
01:36} 3. Nc3 {(00:54} e5 {(01:28} 4. d4 {(01:37} Nbd7
{(06:13} 5. Be3 {(00:48} a6 {(03:57} 6. g4 {(07:
45} g6 {(17:42} 7. g5 {(09:03} Nh5 {(02:26} 8. dxe5 {
(00:10} dxe5 {(01:35} 9. Be2 {(04:34} Nf4 {(09:
39} 10. Bxf4 {(01:31} exf4 {(00:06} 11. Qd4 {(00:37}
f6 {(00:59} 12. Nd5 {(15:07} Bc5 {(22:19} 13. Nxf6+ {
(01:36} Qxf6 {(00:41} 14. Qxf6 {(03:05} Nxf6 {(
00:05} 15. gxf6 {(00:05} Bd4 {(02:12} 16. O-O-O {(02:
10} Bxf6 {(00:17} 17. Bg4 {(02:59} Ke7 {(06:30} 18.
Nf3 {(07:53} Be6 {(07:54} 19. Rhg1 {(13:43} Rad8 {
(04:13} 20. Rxd8 {(01:26} Rxd8 {(00:23} 21. Bxe6 {
(05:52} Kxe6 {(00:07} 22. Rg4 {(03:23} Rf8 {(06:
30} 23. c3 {(00:23} Be7 {(01:12} 24. Kd2 {(01:17} b5 {
(02:18} 25. Ke2 {(00:10} c5 {(00:39} 26. Ng5+ {(
01:02} Bxg5 {(00:26} 27. Rxg5 {(00:02} c4 {(00:24} 28.
Rc5 {(01:35} Rd8 {(00:35} 29. a4 {(05:21} Rb8 {(
01:01} 30. Rc6+ {(01:41} Ke5 {(00:15} 31. Kf3 {(00:01}
g5 {(00:52} 32. Rxa6 {(01:45} bxa4 {(00:10} 33. Ra5+ {
(00:16} Kf6 {(00:29} 34. Rxa4 {(00:08} Rxb2 {(
00:22} 35. Rxc4 {(00:04} h6 {(00:44} 36. Rc6+ {(00:27}
Kg7 {(00:13} 37. e5 {(00:48} Rc2 {(00:40} 38. Kg4 {
(03:49} Rxf2 {(00:10} 39. Kf5 {(00:15} f3 {(00:
42} 40. Rc7+ {(00:00} Kg8 {(00:00} 41. Kg6 {(06:34}
Kf8 {(01:12} 42. Rf7+ {(00:36} Ke8 {(02:18} 43. Rf5 {
(00:04} Rf1 {(04:09} 44. Kxh6 {(06:26} f2 {(02:
18} 45. Kg6 {(01:04} Ke7 {(02:17} 46. Rf6 {(09:06} Rc1
{(09:48} 47. Rxf2 {(01:05} Rxc3 {(00:14} 48. Rh2 {
(04:20} Ke6 {(02:17} 49. Kxg5 {(00:24} Kxe5 {(
00:54} 50. Re2+ {(00:01} Kd6 {(00:57} 51. h4 {(00:11}
Rg3+ {(01:16} 52. Kh6 {(00:17} Rg4 {(04:22} 53. h5 {
(00:09} Kd7 {(00:10} 54. Kh7 {(03:24} Rg5 {(00:
23} 55. h6 {(00:12} Rg1 {(00:22} 56. Ra2 {(04:09} Ke7
{(00:43} 57. Ra7+ {(01:09} Kf8 {(00:35} 58. Rg7 {
(00:22} Rh1 {(01:48} 59. Rg3 {(00:20} Kf7 {(00:
48} 60. Rf3+ {(00:06} Ke7 {(01:10} 61. Ra3 {(00:59}
Rg1 {(00:39} 62. Kh8 {(00:47} Rg6 {(00:41} 63. Ra7+ {
(00:10} Kf8 {(00:21} 64. Kh7 {(00:27} Rg1 {(00:
57} 65. Ra2 {(00:04} Kf7 {(00:22} 66. Rf2+ {(00:04}
Ke7 {(00:10} 67. Rb2 {(00:31} Kf7 {(00:05} 68. Rb6 {
(00:07} Rg2 {(00:10} 69. Rb7+ {(00:19} Kf8 {(00:
26} 70. Rc7 {(00:09} Rg1 {(00:10} 71. Rc3 {(00:30} Kf7
{(00:19} 72. Rf3+ {(00:01} Ke7 {(00:07} 73. Rf2 {
(00:05} Rg3 {(00:14} 74. Kh8 {(00:34} Rg6 {(01:
08} 75. Kh7 {(00:03} Rg1 {(00:10} 76. Rb2 {(00:05} Kf7
{(00:18} 77. Rb6 {(00:01} Rg2 {(00:11} 1/2-1/2

[Event "42nd Olympiad Baku 2016 Open"]
[Site "Baku"]
[Date "2016.09.08"]
[Round "6.17"]
[White "Bah, Ebrima"]
[Black "Mavuso, Lunga"]
[Result "1-0"]
[ECO "B00"]
[WhiteElo "2054"]
[BlackElo "1516"]
[Annotator ""]
[PlyCount "93"]
[EventDate "2016.??.??"]
[EventCountry "AZE"]
[SourceTitle "playchess.com"]
[Source "ChessBase"]
[WhiteTeam "GAM"]
[BlackTeam "SWZ"]
[WhiteTeamCountry "GAM"]
[TimeControl "40/5400+30:1800+30"]

1. e4 {(00:00} Nc6 {(00:00} 2. d4 {(00:00} e5 {(
00:00} 3. d5 {(01:47} Nce7 {(00:00} 4. Bd3 Ng6 {(00:00]
} 5. Ne2 {(02:44} Bc5 {(00:11} 6. O-O {(01:52} Nf6 {
(00:04} 7. Nbc3 {(01:35} O-O {(00:14} 8. Na4 {(
00:49} Bb6 {(08:08} 9. c4 {(01:23} d6 {(00:53} 10.
Nxb6 {(01:59} axb6 {(00:07} 11. f4 {(01:09} Bg4 {
(11:59} 12. f5 {(01:54} Ne7 {(07:03} 13. Bg5 {(
01:42} Kh8 {(01:26} 14. Qe1 {(02:26} Bxe2 {(02:41} 15.
Qxe2 {(00:09} Nd7 {(00:06} 16. Rf3 {(05:14} f6 {
(00:42} 17. Bd2 {(00:35} g5 {(05:32} 18. fxg6 {(
02:39} Nxg6 {(00:15} 19. Rh3 {(00:27} Rf7 {(00:22} 20.
Qh5 {(01:04} Qg8 {(03:12} 21. Rg3 {(01:38} Rg7 {
(07:25} 22. Bh6 {(00:32} Rf7 {(00:03} 23. a3 {(
01:09} Qe8 {(00:27} 24. Rf1 {(01:17} Qe7 {(00:55} 25.
Be3 {(01:21} Rg8 {(00:28} 26. Be2 {(01:16} Rfg7 {
(03:40} 27. Bh6 {(00:43} Nf4 {(00:47} 28. Bxg7+ {
(00:57} Rxg7 {(00:03} 29. Qf3 {(00:21} Nf8 {(06:
50} 30. Rxg7 {(00:45} Qxg7 {(00:01} 31. g3 {(00:17}
Qg5 {(02:32} 32. Bd1 {(01:45} Kg7 {(05:02} 33. h4 {
(01:22} Qh6 {(18:15} 34. gxf4 {(00:16} Qxh4 {(
00:07} 35. Qg4+ {(00:13} Qxg4+ {(00:07} 36. Bxg4 {(00:
15} Ng6 {(00:11} 37. fxe5 {(01:17} Nxe5 {(00:21} 38.
Be2 {(00:05} Kg6 {(00:35} 39. Kf2 {(00:16} h5 {(
01:39} 40. Rh1 {(00:00} Ng4+ {(00:00} 41. Bxg4 {(01:07]
} hxg4 {(00:24} 42. Kg3 {(00:49} f5 {(00:35} 43. exf5+
Kxf5 44. Re1 {(01:10} c6 {(01:14} 45. Re7 {(00:33} cxd5
{(00:24} 46. cxd5 Kf6 47. Re6+ {(01:29} 1-0

[Event "42nd Olympiad Baku 2016 Open"]
[Site "Baku"]
[Date "2016.09.08"]
[Round "6.17"]
[White "Bareev, Evgeny"]
[Black "Zhigalko, Sergei"]
[Result "1/2-1/2"]
[ECO "A17"]
[WhiteElo "2675"]
[BlackElo "2652"]
[Annotator ""]
[PlyCount "79"]
[EventDate "2016.??.??"]
[EventCountry "AZE"]
[SourceTitle "playchess.com"]
[Source "ChessBase"]
[WhiteTeam "Canada"]
[BlackTeam "Belarus"]
[WhiteTeamCountry "CAN"]
[BlackTeamCountry "BLR"]
[TimeControl "40/5400+30:1800+30"]

1. Nf3 {(00:00} Nf6 {(00:00} 2. c4 {(00:54} e6 {
(00:00} 3. Nc3 {(00:17} Bb4 {(00:02} 4. g3 {(00:
12} O-O {(13:26} 5. Qb3 {(05:10} c5 {(11:46} 6. Bg2 {
(00:33} Nc6 {(04:26} 7. O-O {(01:02} d6 {(17:15]
} 8. d3 {(08:18} h6 {(00:46} 9. a3 {(09:14} Ba5 {
(00:03} 10. e3 {(11:36} e5 {(01:33} 11. Nd2 {(
01:44} Bxc3 {(18:31} 12. Qxc3 {(12:32} a5 {(00:03} 13.
b3 {(00:55} Bf5 {(06:03} 14. h3 {(03:46} Qd7 {(
01:02} 15. Kh2 {(03:28} Ne8 {(06:39} 16. f4 {(01:24}
f6 {(00:47} 17. Ne4 {(17:31} b6 {(01:35} 18. Qc2 {
(01:15} Nc7 {(00:32} 19. Nc3 {(00:08} Be6 {(02:
52} 20. f5 {(12:45} Bf7 {(00:05} 21. Bxc6 {(00:10}
Qxc6 {(00:16} 22. e4 {(00:02} Rfb8 {(02:51} 23. g4 {
(01:16} Kf8 {(00:04} 24. h4 {(00:29} Ke7 {(00:
01} 25. Kg3 {(01:25} b5 {(01:24} 26. a4 {(02:06} b4 {
(00:03} 27. Nb5 {(00:52} Rh8 {(00:10} 28. Be3 {(
01:43} Rag8 {(00:05} 29. Qf2 {(00:19} Ne8 {(00:21} 30.
Kf3 {(00:30} g6 {(03:53} 31. Ke2 {(00:17} gxf5 {
(02:13} 32. gxf5 {(00:34} h5 {(01:41} 33. Rg1 {(
00:10} Rg4 {(00:06} 34. Kd2 {(01:16} Kd8 {(03:47} 35.
Rg2 {(00:54} Rxg2 {(00:46} 36. Qxg2 {(00:01} Qd7 {
(00:28} 37. Rg1 {(00:11} Qe7 {(00:19} 38. Qf2 {(
02:01} Kd7 {(00:17} 39. Rg3 {(00:28} Rh7 {(01:53} 40.
Qg1 {(00:00} 1/2-1/2

[Event "42nd Olympiad Baku 2016 Open"]
[Site "Baku"]
[Date "2016.09.08"]
[Round "6.24"]
[White "Baron, Tal"]
[Black "Guzman, Christopher"]
[Result "1/2-1/2"]
[ECO "E25"]
[WhiteElo "2553"]
[BlackElo "2259"]
[Annotator ""]
[PlyCount "293"]
[EventDate "2016.??.??"]
[EventCountry "AZE"]
[SourceTitle "playchess.com"]
[Source "ChessBase"]
[WhiteTeam "Israel"]
[BlackTeam "Dominican Republic"]
[WhiteTeamCountry "ISR"]
[BlackTeamCountry "DOM"]
[TimeControl "40/5400+30:1800+30"]

1. d4 {(00:00} Nf6 {(00:57} 2. c4 {(00:00} e6 {(
04:00} 3. Nc3 {(00:00} Bb4 {(03:20} 4. f3 {(00:00} d5
{(05:29} 5. a3 {(00:00} Bxc3+ {(01:26} 6. bxc3 {
(00:00} c5 {(00:11} 7. cxd5 {(00:00} Nxd5 {(01:
20} 8. dxc5 {(00:00} Qa5 {(00:49} 9. e4 {(00:00} Nf6 {
(00:11} 10. Be3 {(00:00} O-O {(00:27} 11. Kf2 {(
00:00} Nfd7 {(00:57} 12. Rb1 {(00:16} Na6 {(12:39} 13.
Bxa6 {(00:14} Qxa6 {(00:08} 14. Ne2 {(01:19} b6 {
(00:15} 15. Qd6 {(03:52} bxc5 {(02:41} 16. Bxc5 {
(07:41} Nxc5 {(08:17} 17. Qxc5 {(00:18} Bd7 {(
00:09} 18. Rhd1 {(01:33} Rac8 {(00:54} 19. Qb4 {(05:59]
} Rc7 {(06:45} 20. Rd6 {(01:11} Qc8 {(00:25} 21. Qd4 {
(02:38} a6 {(06:10} 22. Rd1 {(02:46} Rc4 {(00:
39} 23. Qb6 {(06:37} Bb5 {(00:31} 24. R1d4 {(10:08}
Qc5 {(06:53} 25. a4 {(06:59} Qxb6 {(03:02} 26. Rxb6 {
(00:11} Rxa4 {(00:31} 27. Rxa4 {(00:19} Bxa4 {(
00:02} 28. Rxa6 {(00:08} Bd7 {(02:40} 29. Rd6 {(00:56}
Ba4 {(00:23} 30. Ra6 {(00:56} Bd7 {(00:12} 31. Ra7 {
(00:26} Rd8 {(00:08} 32. c4 {(04:04} Kf8 {(00:
24} 33. Ke3 {(00:37} Be8 {(05:09} 34. e5 {(05:40} Rd1
{(01:06} 35. Nc3 {(01:25} Rc1 {(02:38} 36. Ne4 {
(00:42} Rxc4 {(00:32} 37. Nd6 {(07:26} Ra4 {(01:
37} 38. Rb7 {(00:59} Ra8 {(02:06} 39. h4 {(03:09} h6 {
(02:55} 40. g4 {(00:00} Kg8 {(00:00} 41. Re7 {(
13:47} Kf8 {(00:30} 42. Rc7 {(00:04} Kg8 {(00:26} 43.
Kd4 {(04:39} Rb8 {(06:36} 44. Kc5 {(03:32} Kf8 {
(00:12} 45. f4 {(02:19} g6 {(04:26} 46. Ra7 {(
02:08} Kg7 {(01:42} 47. f5 {(02:53} exf5 {(00:57} 48.
gxf5 {(00:16} gxf5 {(00:10} 49. e6 {(00:15} Kg6 {
(00:47} 50. exf7 {(02:53} Bxf7 {(00:41} 51. Rxf7 {
(00:59} Rd8 {(00:38} 52. Re7 {(03:13} Rf8 {(01:
08} 53. Re5 {(00:36} Kh5 {(02:00} 54. Nxf5 {(00:08}
Kg4 {(00:11} 55. Ne7 {(00:04} Rf1 {(05:41} 56. h5 {
(02:34} Rf6 {(06:50} 57. Nd5 {(12:38} Ra6 {(00:
58} 58. Kc4 {(02:05} Rc6+ {(00:40} 59. Kd4 {(00:43}
Ra6 {(00:22} 60. Ne3+ {(00:03} Kh4 {(00:30} 61. Ke4 {
(00:16} Rf6 {(00:54} 62. Kd4 {(03:14} Rf4+ {(02:
30} 63. Kd5 {(00:03} Rf6 {(00:08} 64. Ke4 {(00:02} Rf2
{(00:26} 65. Ra5 {(01:35} Rf8 {(00:47} 66. Rc5 {
(00:48} Rf2 {(00:18} 67. Rb5 {(01:43} Rf8 {(00:
13} 68. Re5 {(01:22} Rf2 {(00:27} 69. Kd5 {(02:48} Rf6
{(00:09} 70. Nc4 {(00:13} Kg4 {(00:33} 71. Nd6 {
(00:20} Kh4 {(03:18} 72. Ne4 {(01:26} Ra6 {(01:
08} 73. Nc5 {(00:48} Rf6 {(00:29} 74. Nd7 {(02:43} Ra6
{(00:09} 75. Ke4 {(01:30} Kg4 {(00:05} 76. Nc5 {
(00:13} Rf6 {(00:18} 77. Nd3 {(00:10} Rf8 {(03:
25} 78. Ke3 {(00:28} Rf3+ {(00:34} 79. Ke4 {(00:23}
Rf8 {(00:08} 80. Re6 {(00:46} Kxh5 {(03:09} 81. Nf4+ {
(00:03} Kg4 {(00:49} 82. Rg6+ {(00:03} Kh4 {(00:
09} 83. Ra6 {(04:13} Kg3 {(01:02} 84. Ra3+ {(00:04}
Kg4 {(00:19} 85. Ng6 {(00:12} Rf1 {(00:55} 86. Ne5+ {
(00:01} Kg5 {(02:08} 87. Rg3+ {(01:12} Kf6 {(00:
06} 88. Ng4+ {(00:09} Ke6 {(00:14} 89. Ne3 {(00:05}
Ra1 {(00:47} 90. Rg6+ {(00:15} Kf7 {(00:04} 91. Rb6 {
(00:15} h5 {(00:37} 92. Ke5 {(00:20} Re1 {(00:
18} 93. Rb7+ {(00:18} Kg6 {(00:11} 94. Kf4 {(00:04} h4
{(00:05} 95. Rb6+ {(00:38} Kf7 {(00:14} 96. Rh6 {
(00:16} h3 {(00:31} 97. Rxh3 {(00:53} Ra1 {(00:
38} 98. Ke5 {(00:14} Re1 {(00:04} 99. Kf5 {(00:25} Rg1
{(00:29} 100. Rh7+ {(00:12} Rg7 {(00:03} 101. Rh6 {
(00:05} Ke7 {(00:27} 102. Ng4 {(00:43} Kd7 {(00:
15} 103. Nf6+ {(00:02} Kc8 {(00:27} 104. Nd5 {(00:30}
Kd7 {(00:30} 105. Ra6 {(00:07} Rg1 {(00:09} 106. Nf6+ {
(00:26} Kc7 {(00:20} 107. Ne4 {(00:18} Rh1 {(00:
25} 108. Ke6 {(00:32} Re1 {(00:44} 109. Ra4 {(00:34}
Kc6 {(00:06} 110. Ke5 {(00:09} Rh1 {(00:33} 111. Ra6+ {
(00:26} Kc7 {(00:02} 112. Nc3 {(00:21} Rh5+ {(
00:20} 113. Kd4 {(00:02} Kd7 {(00:45} 114. Ne4 {(01:16]
} Rh1 {(00:07} 115. Rg6 {(00:24} Rd1+ {(00:29} 116. Ke5
{(00:12} Re1 {(00:17} 117. Rg3 {(00:07} Rc1 {(
00:22} 118. Nc3 {(00:21} Rh1 {(00:36} 119. Rg5 {(00:26]
} Re1+ {(00:23} 120. Kd5 {(00:06} Ke7 {(00:22} 121. Rf5
{(00:18} Ra1 {(00:07} 122. Nb5 {(01:33} Ra5 {(
00:51} 123. Ke4 {(00:36} Ra1 {(01:18} 124. Nd4 {(00:50]
} Re1+ {(00:10} 125. Kd5 {(00:04} Rd1 {(00:12} 126. Rf4
{(00:02} Rd3 {(00:59} 127. Rf1 {(00:10} Rd2 {(
00:07} 128. Ke5 {(00:37} Rh2 {(00:33} 129. Rd1 {(01:39]
} Kf7 {(00:53} 130. Ra1 {(00:36} Rb2 {(01:31} 131. Ra7+
{(00:43} Kg6 {(01:35} 132. Ra6+ {(00:01} Kg5 {(
01:48} 133. Ne6+ {(00:02} Kg4 {(00:13} 134. Nd4 {(00:
15} Rf2 {(00:40} 135. Rg6+ {(00:08} Kh3 {(00:08} 136.
Ke4 {(00:51} Rf1 {(00:49} 137. Nc2 {(02:49} Rf8 {
(00:33} 138. Ne3 {(00:07} Rf2 {(03:17} 139. Nf5 {
(02:27} Kh2 {(01:08} 140. Rg5 {(00:45} Rg2 {(00:
50} 141. Rh5+ {(00:01} Kg1 {(00:11} 142. Nh4 {(01:07}
Rg8 {(01:50} 143. Kf3 {(00:25} Rg7 {(01:24} 144. Nf5 {
(00:55} Rg2 {(00:22} 145. Nd4 {(01:12} Rf2+ {(
00:17} 146. Ke3 {(00:04} Rf8 {(00:34} 147. Nf3+ {(00:
16} 1/2-1/2